 Dungeon Crawl Stone Soup version 0.18-a0-1347-gb9e2fb4 (webtiles) character file.

49 KINGKRU the Sneak (level 4, -3/26 HPs)
             Began as a Kobold Assassin on Feb 17, 2016.
             Was an Initiate of Dithmenos.
             Slain by a scorpion (6 damage)
             ... on level 3 of the Dungeon.
             The game lasted 00:06:00 (1629 turns).

KINGKRU the Sneak (Kobold Assassin)                 Turns: 1629, Time: 00:06:00

Health: -3/26      AC:  4    Str:  9    XL:     4   Next: 1%
Magic:  4/4        EV: 15    Int:  9    God:    Dithmenos [......]
Gold:   139        SH:  0    Dex: 18    Spells: 0 memorised, 3 levels left

rFire  . . .     SeeInvis .     j - +3 dagger (drain)
rCold  + . .     Gourm    .     c - +0 robe
rNeg   . . .     Faith    .     (shield restricted)
rPois  .         Spirit   .     (no helmet)
rElec  .         Dismiss  .     d - +1 cloak
rCorr  .         Reflect  .     (no gloves)
SustAt .         Harm     .     (no boots)
MR     .....                    (no amulet)
Stlth  ++++......               (no ring)
                                n - ring of protection from cold

@: lethally poisoned (-3 -> -6), drained, not resistant to hostile enchantments,
stealthy
A: carnivore 3
a: Renounce Religion


You were on level 3 of the Dungeon.
You worshipped Dithmenos.
Dithmenos was noncommittal.
You were full.

You visited 1 branch of the dungeon, and saw 3 of its levels.

You collected 139 gold pieces.

Inventory:

Hand Weapons
 a - a +2 dagger
 b - a +0 blowgun
 j - a +3 dagger of draining (weapon)
 o - a +2 dagger of protection
Missiles
 e - 8 poisoned needles
 f - 2 curare-tipped needles
Armour
 c - a +0 robe (worn)
 d - a +1 cloak (worn)
Jewellery
 n - a ring of protection from cold (left hand)
Potions
 h - a potion of flight {unknown}
 i - a potion of lignification {unknown}
 l - a potion of haste {unknown}
Comestibles
 g - a meat ration


   Skills:
 + Level 2.1 Fighting
 + Level 3.1(3.0) Short Blades
 + Level 2.4(2.3) Throwing
 + Level 1.9(1.8) Dodging
 + Level 6.7(6.6) Stealth


You had 3 spell levels left.
You didn't know any spells.

Dungeon Overview and Level Annotations

Branches:
Dungeon (3/15)

Altars:
Dithmenos
Xom
Zin


Innate Abilities, Weirdness & Mutations

You are small and have problems with some larger weapons.
You are carnivorous and can eat meat at any time.


Message History

The scorpion is moderately wounded.
You feel sick. The bat hits you but does no damage. The scorpion stings you!
You feel sick. The bat barely misses you.
You hit the bat.
You kill the bat!
Dithmenos accepts your kill. The scorpion stings you.
* * * LOW HITPOINT WARNING * * *
* * * LOW HITPOINT WARNING * * *
You feel sick. The scorpion closely misses you.
* * * LOW HITPOINT WARNING * * *
You feel sick.
Read which item? (? for menu, Esc to quit)
As you read the scroll of immolation, it crumbles to dust.
Dithmenos does not appreciate your starting fires!
You feel guilty.
The creatures around you are filled with an inner flame!
The scorpion stings you.
You die...

##### .....##########
......#.......#
..............#########
...........?..##.†....#
?(.....###.##......####
....... #s###....##
....... #@# #<...#
....... #.# #....#
....... #.# #....#
....... #.# #....#
....... ...####...##
#...#.....≈####+#
##..#..†..≈≈≈§≈§≈≈≈
#.....†............
#....##.............


You could see a scorpion (inner flame).

Vanquished Creatures
  An adder (D:3)
  A worm (D:2)
  3 giant geckos (D:2)
  2 bats (D:3)
  A giant cockroach (D:2)
  7 goblins
  5 hobgoblins
  A quokka (D:3)
  A ball python (D:1)
  2 giant newts
  4 kobolds
  4 rats
32 creatures vanquished.

Notes
Turn   | Place    | Note
--------------------------------------------------------------
     0 | D:1      | KINGKRU the Kobold Assassin began the quest for the Orb.
     0 | D:1      | Reached XP level 1. HP: 12/12 MP: 1/1
   242 | D:1      | Reached XP level 2. HP: 17/17 MP: 2/2
   538 | D:1      | Reached skill level 6 in Stealth
   689 | D:2      | Found a shadowy altar of Dithmenos.
   705 | D:2      | Became a worshipper of Dithmenos the Shadowed
  1025 | D:2      | Reached XP level 3. HP: 21/21 MP: 3/3
  1044 | D:2      | Noticed an angel
  1058 | D:2      | Found a shimmering altar of Xom.
  1063 | D:2      | Found a glowing silver altar of Zin.
  1605 | D:3      | Noticed a scorpion
  1618 | D:3      | Reached XP level 4. HP: 22/26 MP: 4/4
  1629 | D:3      | Slain by a scorpion

Vault maps used:
D:1:      evilmike_arrival_run_for_it
D:2:      grunt_temple_overflow_order_and_chaos_1,
          nicolae_dithmenos_through_a_glass_darkly
D:3:      lightli_temple_of_fire, first_bread

Action                   |  1- 3 |  4- 6 || total
-------------------------+-------+-------++-------
Melee: Dagger            |    78 |     4 ||    82
  Use: Scroll            |     4 |     1 ||     5
 Stab: Sleeping          |    14 |       ||    14
  Eat: Meat ration       |     1 |       ||     1
